 Dungeon Crawl Stone Soup version 0.18.1-48-g4cf74bf (webtiles) character file.

5215 MaCx the Cleaver (level 10, 0/86 HPs)
             Began as a Minotaur Fighter on Aug 28, 2016.
             Was a Believer of Okawaru.
             Slain by a wolf (9 damage)
             ... on level 9 of the Dungeon.
             The game lasted 00:58:18 (11121 turns).

MaCx the Cleaver (Minotaur Fighter)                Turns: 11121, Time: 00:58:18

Health: 0/86       AC: 10    Str: 30    XL:     10   Next: 35%
Magic:  8/9        EV:  8    Int:  5    God:    Okawaru [**....]
Gold:   348        SH: 11    Dex:  9    Spells: 0 memorised, 9 levels left

rFire  + . .     SeeInvis .     u - +0 hand axe (flame)
rCold  . . .     Gourm    .     t - +2 scale mail {rF+}
rNeg   . . .     Faith    .     c - +0 shield
rPois  .         Spirit   .     (helmet restricted)
rElec  .         Dismiss  .     (no cloak)
rCorr  .         Reflect  .     (no gloves)
SustAt .         Harm     .     (no boots)
MR     +....                    (no amulet)
Stlth  ..........               z - ring of protection from magic
                                y - +5 ring of strength

@: about to teleport, somewhat resistant to hostile enchantments, extremely
unstealthy
A: retaliatory headbutt, horns 2
a: Heroism, Renounce Religion


You were on level 9 of the Dungeon.
You worshipped Okawaru.
Okawaru was pleased with you.
You were not hungry.

You visited 2 branches of the dungeon, and saw 10 of its levels.

You collected 376 gold pieces.
You spent 28 gold pieces at shops.

Inventory:

Hand Weapons
 a - a +0 war axe
 u - a +0 hand axe of flaming (weapon)
 M - a +0 broad axe
 P - a cursed +0 hand axe
Missiles
 w - 4 tomahawks of returning (quivered)
 C - 21 tomahawks
 D - a throwing net
Armour
 c - a +0 shield (worn)
 t - a +2 scale mail of fire resistance (worn)
 G - a +1 chain mail of cold resistance
Jewellery
 v - an uncursed ring of positive energy
 y - a +5 ring of strength (left hand)
 z - a ring of protection from magic (right hand)
 J - an uncursed ring of ice
Wands
 A - a wand of slowing (5/48)
 I - a wand of lightning (10/15)
 K - a wand of lightning (5/15)
 L - a wand of digging (6/24)
 S - a wand of digging (10/24)
 W - a wand of disintegration (3/24)
Scrolls
 j - 4 scrolls of teleportation
 k - 5 scrolls of remove curse
 l - 4 scrolls of identify
 m - 4 scrolls of enchant weapon {unknown}
 p - 3 scrolls of enchant armour {unknown}
 r - 2 scrolls of noise {unknown}
 x - 3 scrolls of immolation {unknown}
 E - a scroll of random uselessness {unknown}
 H - a scroll of fog {unknown}
 O - a scroll of fear {unknown}
 Q - 4 scrolls of blinking {unknown}
 T - a scroll of amnesia {unknown}
Potions
 d - a potion of might
 e - 2 potions of heal wounds {unknown}
 g - a potion of brilliance {unknown}
 h - 2 potions of cancellation {unknown}
 n - 2 potions of resistance {unknown}
 o - a potion of beneficial mutation {unknown}
 q - 3 potions of flight {unknown}
 N - 2 potions of curing {unknown}
 R - a potion of degeneration {unknown}
Books
 F - a book of the Dragon

   Spells                             Type                      Level
   a - Flame Tongue                   Conjuration/Fire             1
   b - Cause Fear                     Hexes                        4
   c - Bolt of Fire                   Conjuration/Fire             6
   d - Dragon Form                    Transmutation                7
   e - Dragon's Call                  Summoning                    9
Comestibles
 b - 2 royal jellies
 f - 7 bread rations
 i - 2 beef jerkies
 s - a meat ration
 B - 6 fruits
 U - a slice of pizza
 V - 7 chunks of flesh


   Skills:
 + Level 7.6 Fighting
 + Level 14.3 Axes
 + Level 7.4 Armour
 - Level 6.6 Shields


You had 9 spell levels left.
You didn't know any spells.

Dungeon Overview and Level Annotations

Branches:
Dungeon (9/15)             Temple (1/1) D:7
   Lair: D:8-11         Orc: D:9-12

Altars:
Ashenzari
Cheibriados
Dithmenos
Fedhas
Gozag
Kikubaaqudgha
Makhleb
Nemelex Xobeh
Okawaru
Pakellas
Qazlal
Ru
Sif Muna
Trog
Vehumet
Xom
Yredelemnul
Zin
The Shining One
Lugonu

Shops:
D:4 }   D:5 *


Innate Abilities, Weirdness & Mutations

You reflexively headbutt those who attack you in melee.
You have a pair of horns on your head.


Message History

You barely miss the hound.
The hound is moderately wounded.
You slash the ogre! You burn the ogre.
You kill the ogre!
Okawaru accepts your kill. The wolf bites you but does no damage.
You block the hound's attack. The wolf barely misses you.
You furiously retaliate!
You headbutt the wolf.
Found 14 gold pieces.
Unknown command.
Read which item? (? for menu, Esc to quit)
As you read the scroll of teleportation, it crumbles to dust.
You feel strangely unstable.
You feel like a meek peon again. The hound bites you but does no damage.
You block the wolf's attack. The hound bites you but does no damage.
The hound barely misses you. The wolf barely misses you.
You furiously retaliate!
You headbutt the wolf. The hound bites you.
* * * LOW HITPOINT WARNING * * *
The wolf bites you!
You die...

####################
........#..........##
....[...............#
.....................
≈.≈..................
..≈≈.................
.≈.......†.)Th......$
≈≈≈≈.....h..hh.......
≈≈≈≈≈[.#.†.hh@.......
≈≈≈≈≈!.##...<........
....... #######.#...#
≈≈≈≈≈.. ...###
≈≈....O ..## ≈≈≈≈≈..
.# ≈≈≈≈... .. ..


You could see a troll, a wolf, 3 hounds and 2 jackals.

Vanquished Creatures
  Pikel (D:5)
  Grinder (D:5)
  Sigmund (D:6)
  A spriggan (D:8)
  Eustachio (D:4)
  A wyvern (D:8)
  5 humans (D:7)
  A hungry ghost (D:7)
  3 sky beasts
  2 ice beasts (D:5)
  2 orc warriors (D:7)
  3 ogres
  2 centaurs
  2 giant frogs (D:8)
  A jelly (D:5)
  5 scorpions
  9 killer bees
  A howler monkey (D:6)
  2 centaur zombies
  2 crimson imps
  9 hounds
  3 orc priests (D:7)
  7 orc wizards
  A centaur skeleton (D:3)
  Ijyb (D:3)
  4 iguanas
  3 worker ants
  A hound skeleton (D:4)
  A worker ant zombie (D:7)
  11 adders
  5 gnolls
  An ooze (D:1)
  An adder skeleton (D:5)
  5 worms
  2 dart slugs
  8 giant geckos
  32 orcs
  7 bats
  3 giant cockroaches
  6 goblins
  12 hobgoblins
  9 jackals
  3 quokkas
  4 ball pythons
  A giant gecko skeleton (D:7)
  4 giant newts
  8 kobolds
  A quokka skeleton (D:4)
  6 rats
205 creatures vanquished.

Vanquished Creatures (others)
  Blork the orc (D:5)
  A dart slug (D:5)
  A giant gecko skeleton (D:5)
3 creatures vanquished.

Grand Total: 208 creatures vanquished

Notes
Turn   | Place    | Note
--------------------------------------------------------------
     0 | D:1      | MaCx the Minotaur Fighter began the quest for the Orb.
     0 | D:1      | Reached XP level 1. HP: 19/19 MP: 0/0
    94 | D:1      | Reached skill level 3 in Axes
   138 | D:1      | Reached XP level 2. HP: 26/26 MP: 1/1
   408 | D:1      | Reached skill level 4 in Axes
   437 | D:1      | Reached XP level 3. HP: 30/31 MP: 2/2
  1053 | D:2      | Found a faded altar to an unknown god.
  1117 | D:2      | Reached skill level 5 in Axes
  1632 | D:2      | Reached XP level 4. HP: 39/39 MP: 3/3
  1681 | D:2      | Found a basalt altar of Yredelemnul.
  2013 | D:3      | Noticed Ijyb
  2037 | D:3      | Killed Ijyb
  2037 | D:3      | Reached skill level 6 in Axes
  2185 | D:3      | Reached XP level 5. HP: 42/45 MP: 4/4
  2439 | D:3      | Found an ancient bone altar of Kikubaaqudgha.
  2498 | D:3      | Reached skill level 7 in Axes
  2615 | D:3      | Found a shattered altar of Ashenzari.
  2744 | D:3      | Found a shadowy altar of Dithmenos.
  3213 | D:4      | Reached XP level 6. HP: 48/51 MP: 5/5
  3243 | D:4      | Reached skill level 8 in Axes
  3687 | D:4      | Found an oddly glowing altar of Pakellas.
  3687 | D:4      | Found Pakellas's Prime Provisions.
  3734 | D:4      | Found a snail-covered altar of Cheibriados.
  3916 | D:5      | Entered Level 5 of the Dungeon
  4383 | D:5      | Reached skill level 9 in Axes
  4419 | D:5      | Found a shimmering altar of Xom.
  4430 | D:5      | Noticed Grinder
  4434 | D:5      | Noticed Eustachio
  4470 | D:5      | Paralysed by Grinder for 2 turns
  4480 | D:5      | Paralysed by Grinder for 3 turns
  4487 | D:5      | HP: 1/51 [Grinder/nerve-wracking pain (6)]
  4498 | D:5      | Paralysed by Grinder for 2 turns
  4512 | D:5      | Paralysed by Grinder for 5 turns
  4847 | D:5      | Paralysed by Grinder for 3 turns
  4852 | D:5      | Killed Grinder
  4852 | D:5      | Reached skill level 10 in Axes
  4852 | D:5      | Reached XP level 7. HP: 15/57 MP: 6/6
  5220 | D:4      | Killed Eustachio
  5563 | D:5      | Reached skill level 11 in Axes
  5799 | D:5      | Found Pyhawoum's General Store.
  5810 | D:5      | Bought a scroll of identify for 28 gold pieces
  5922 | D:5      | Noticed Pikel
  5931 | D:5      | Killed Pikel
  5931 | D:5      | Reached skill level 12 in Axes
  5931 | D:5      | Reached XP level 8. HP: 62/64 MP: 7/7
  6027 | D:5      | Killed Blork the orc
  6311 | D:5      | Reached skill level 13 in Axes
  7038 | D:6      | Reached XP level 9. HP: 54/70 MP: 8/8
  7299 | D:6      | Found an iron altar of Okawaru.
  7332 | D:6      | Noticed Sigmund
  7346 | D:6      | Killed Sigmund
  7346 | D:6      | Reached skill level 14 in Axes
  7468 | D:6      | Found a sacrificial altar of Ru.
  7903 | D:7      | Found a staircase to the Ecumenical Temple.
  7975 | D:7      | Reached skill level 5 in Fighting
  7975 | D:7      | Reached skill level 5 in Armour
  7975 | D:7      | Reached skill level 5 in Shields
  8425 | Temple   | Entered the Ecumenical Temple
  8534 | D:6      | Became a worshipper of Warmaster Okawaru
  8578 | D:7      | Found a stormy altar of Qazlal.
  9453 | D:7      | Found an iron altar of Okawaru.
  9678 | D:7      | Reached XP level 10. HP: 84/84 MP: 9/9
  9721 | D:7      | Reached * piety under Okawaru
  9866 | D:8      | Found a radiant altar of Vehumet.
 10912 | D:8      | Found a glowing golden altar of the Shining One.
 11118 | D:9      | Reached ** piety under Okawaru
 11121 | D:9      | Slain by a wolf

Skill      XL: |  1  2  3  4  5  6  7  8  9 10 |
---------------+-------------------------------+-----
Axes           | 3 4 5 6 7 10 12 13 14 | 14.3
Armour         | 6 7 |  7.4
Shields        | 6 |  6.6
Fighting       | 6 7 |  7.6

Action                   |  1- 3 |  4- 6 |  7- 9 | 10-12 || total
-------------------------+-------+-------+-------+-------++-------
Melee: War axe           |    93 |    56 |       |       ||   149
       Headbutt          |     9 |    31 |    53 |    21 ||   114
       Hand axe          |       |   133 |   327 |   154 ||   614
Invok: Heroism           |       |       |       |     1 ||     1
Evoke: Wand              |       |       |     2 |       ||     2
  Use: Scroll            |       |     2 |     4 |     1 ||     7
  Eat: Chunk             |     1 |    10 |     8 |     5 ||    24
       Bread ration      |       |     1 |     1 |       ||     2
Armor: Scale mail        |    47 |    66 |    82 |    31 ||   226
Dodge: Dodged            |    29 |    53 |    47 |    37 ||   166
Block: Shield            |    36 |    77 |   117 |    70 ||   300
